 Dungeon Crawl Stone Soup version 0.18.1-50-g88ac8fd (webtiles) character file.

21 Kwzr the Conjurer (level 2, -2/19 HPs)
             Began as a Mummy Conjurer on Oct 4, 2016.
             Slain by an adder (5 damage)
             ... on level 2 of the Dungeon.
             The game lasted 00:04:05 (952 turns).

Kwzr the Conjurer (Mummy Conjurer)                   Turns: 952, Time: 00:04:05

Health: -2/19      AC:  4    Str: 11    XL:     2   Next: 65%
Magic:  1/5        EV: 11    Int: 14    God:
Gold:   35         SH:  0    Dex: 12    Spells: 2 memorised, 2 levels left

rFire  x . .     SeeInvis .     h - -3 club (curse)
rCold  + . .     Gourm    .     f - +1 leather armour (curse)
rNeg   + + +     Faith    .     (no shield)
rPois  ∞         Spirit   .     (no helmet)
rElec  .         Dismiss  .     (no cloak)
rCorr  .         Reflect  .     (no gloves)
SustAt .         Harm     .     (no boots)
MR     .....                    (no amulet)
Stlth  ++........               (no ring)
                                (no ring)

@: not resistant to hostile enchantments, unstealthy
A: no food or potions, fire vulnerability, cold resistance 1, negative energy
resistance 3, torment resistance, unbreathing
a: no special abilities


You were on level 2 of the Dungeon.
You were not hungry.

You visited 1 branch of the dungeon, and saw 2 of its levels.

You collected 35 gold pieces.

Inventory:

Hand Weapons
 h - a cursed -3 club (weapon)
 l - a cursed +0 short sword
Missiles
 e - 17 arrows
 i - 19 poisoned needles
 k - 2 throwing nets (quivered)
Armour
 a - a +0 robe
 f - a cursed +1 leather armour (worn)
Scrolls
 c - a scroll of enchant weapon
 d - a scroll of identify
Books
 b - a book of Conjurations

   Spells                             Type                      Level
   a - Magic Dart                     Conjuration                  1
   b - Searing Ray                    Conjuration                  2
   c - Dazzling Spray                 Conjuration/Hexes            3
   d - Fulminant Prism                Conjuration/Hexes            4
   e - Iskenderun's Mystic Blast      Conjuration                  4
   f - Iskenderun's Battlesphere      Conjuration/Charms           5


   Skills:
 + Level 1.7 Dodging
 - Level 1.6 Stealth
 + Level 2.2 Spellcasting
 * Level 3.7 Conjurations


You had 2 spell levels left.
You knew the following spells:

 Your Spells              Type           Power        Failure   Level  Hunger
a - Magic Dart            Conj           ##..         10%         1    N/A
b - Searing Ray           Conj           ##....       12%         2    N/A

Dungeon Overview and Level Annotations

Branches:
Dungeon (2/15)

Altars:


Innate Abilities, Weirdness & Mutations

You do not eat or drink.
Your flesh is vulnerable to fire.
You are immune to poison.
Your flesh is cold resistant.
You are immune to negative energy.
You are immune to unholy pain and torment.
You can survive without breathing.


Message History

Aim: an adder The searing ray misses the adder.
The adder barely misses you. The adder bites you.
The searing ray misses the adder.
The adder misses you.
Without enough magic to sustain it, your searing ray dissipates.
The adder bites you.
You miss the adder. The adder misses you. The adder barely misses you.
Read which item? (? for menu, Esc to quit)
Okay, then.
You closely miss the adder. The adder bites you but does no damage.
You miss the adder. The adder bites you.
* * * LOW HITPOINT WARNING * * *
The adder barely misses you.
You are too injured to fight recklessly!
You are too injured to fight recklessly!
You closely miss the adder. The adder bites you.
* * * LOW HITPOINT WARNING * * *
The adder bites you but does no damage. The adder bites you.
You die...

#..##.#.#.##
#...).#....#
##.####....#
#..........#
#.....#....#
#.!..###.#.####
#....###.#.######
...............S.#
.#..........####@#
..#.........# #.#
......!....## #.#
#.#####.######.# #
..........#
##.#####..#
#.....#..#
#.....#######
#.†##........#


You could see an adder.

Vanquished Creatures
  A dart slug (D:1)
  2 giant geckos
  3 goblins
  A hobgoblin (D:1)
  A jackal (D:2)
  4 bats
  3 giant newts
  A kobold (D:1)
  3 rats
19 creatures vanquished.

Notes
Turn   | Place    | Note
--------------------------------------------------------------
     0 | D:1      | Kwzr the Mummy Conjurer began the quest for the Orb.
     0 | D:1      | Reached XP level 1. HP: 13/13 MP: 3/3
   372 | D:1      | Reached XP level 2. HP: 19/19 MP: 1/5
   376 | D:1      | Learned a level 2 spell: Searing Ray
   952 | D:2      | Slain by an adder

Action                   || total
-------------------------++-------
Melee: Club              ||    20
       Unarmed           ||     1
 Cast: Magic Dart        ||    33
       Searing Ray       ||     1
  Use: Scroll            ||     4
 Stab: Sleeping          ||     2
Armor: Leather armour    ||    14
Dodge: Dodged            ||    32
